 Dungeon Crawl Stone Soup version 0.26-a0-662-g8b9c6dab81 (webtiles) character file.

Game seed: 12602735457440926862

247368 miket3c the Axe Maniac (level 18, -8/259 HPs)
             Began as a Minotaur Berserker on Oct 7, 2020.
             Was a High Priest of Trog.
             Mangled by a purple ugly thing (22 damage)
             ... on level 1 of the Vaults on Oct 10, 2020.
             The game lasted 02:48:18 (43169 turns).

miket3c the Axe Maniac (Minotaur Berserker)        Turns: 43169, Time: 02:48:19

Health: -8/259     AC: 32    Str: 26    XL:     18   Next: 82%
Magic:  17/17      EV: 10    Int:  5    God:    Trog [*****.]
Gold:   1867       SH:  5    Dex:  9    Spells: 17/17 levels left

rFire    + . .     SeeInvis .   u - +7 executioner's axe of Capital Punishment {vorpal, +Rage rElec Dex-2}
rCold    + . .     Faith    .   (shield currently unavailable)
rNeg     . . .     Spirit   .   X - +10 plate armour
rPois    .         Reflect  +   s - +2 hat
rElec    +         Harm     .   K - scarf {rC+ rF+}
rCorr    .         Rampage  .   (no gloves)
MR       ++++.                  W - +1 pair of boots
Stlth    ..........             c - amulet of reflection
HPRegen  1.53/turn              l - ring of protection from magic
MPRegen  0.15/turn              P - +4 ring of slaying

@: berserking, regenerating, very quick
A: retaliatory headbutt, horns 2, weak 1
}: 2/15 runes: serpentine, barnacled
a: Berserk, Trog's Hand, Brothers in Arms, Renounce Religion, Evoke Berserk Rage


You were on level 1 of the Vaults.
You worshipped Trog.
Trog was extremely pleased with you.
You visited 6 branches of the dungeon, and saw 32 of its levels.
You visited the Abyss 1 time.

You collected 3937 gold pieces.
You spent 2070 gold pieces at shops.

Inventory:

Hand Weapons
 a - a +8 battleaxe of flaming
 u - the +7 executioner's axe of Capital Punishment (weapon) {vorpal, +Rage rElec Dex-2}
   (Trog gifted it to you on level 1 of the Snake Pit)

   It inflicts extra damage upon your enemies.
   It affects your dexterity (-2).
   It insulates you from electricity.
   It lets you go berserk.
 B - the +4 executioner's axe "Xeod Acy" {vorpal, MR+++ Str+3 Int-2}
   (Trog gifted it to you on level 4 of the Snake Pit)

   It inflicts extra damage upon your enemies.
   It affects your strength (+3).
   It affects your intelligence (-2).
   It affects your resistance to hostile enchantments.
 Z - the +7 war axe "Sutsohut" {vorpal, Str+5}
   (Trog gifted it to you on level 2 of the Orcish Mines)

   It inflicts extra damage upon your enemies.
   It affects your strength (+5).
Missiles
 w - 90 poisoned darts
 I - 62 boomerangs
 J - 12 silver boomerangs (quivered)
Armour
 s - a +2 hat (worn)
 K - a scarf of resistance (worn)
 W - a +1 pair of boots (worn)
 X - a +10 plate armour (worn)
Jewellery
 b - an uncursed ring of poison resistance
 c - an amulet of reflection (around neck)
 g - an uncursed ring of resist corrosion
 l - a ring of protection from magic (left hand)
 z - a +4 ring of evasion
 O - an uncursed amulet of the acrobat
 P - a +4 ring of slaying (right hand)
 Y - an uncursed ring of resist corrosion
Wands
 h - a wand of paralysis (64)
 i - a wand of iceblast (8)
 j - a wand of digging (12)
 A - a wand of acid (4)
 C - a wand of disintegration (41)
Scrolls
 d - 5 scrolls of identify
 n - 5 scrolls of magic mapping
 o - 10 scrolls of teleportation
 q - a scroll of blinking
 r - 3 scrolls of vulnerability {unknown}
 v - 15 scrolls of remove curse
 y - 2 scrolls of amnesia {unknown}
 E - a scroll of torment {unknown}
 H - 8 scrolls of fear
 N - a scroll of summoning {unknown}
 R - a scroll of random uselessness {unknown}
 S - 6 scrolls of fog
 T - a scroll of holy word {unknown}
 V - 2 scrolls of brand weapon
Potions
 e - 5 potions of stabbing
 f - 3 potions of berserk rage {unknown}
 k - 4 potions of haste
 m - 3 potions of lignification {unknown}
 p - 5 potions of flight {unknown}
 t - 3 potions of curing
 x - 2 potions of ambrosia {unknown}
 D - 4 potions of cancellation
 F - 3 potions of mutation {unknown}
 G - 2 potions of heal wounds
 L - 2 potions of resistance
 M - 2 potions of brilliance
 Q - 3 potions of invisibility {unknown}
 U - 2 potions of might {unknown}


   Skills:
 + Level 18.7 Fighting
 O Level 27 Axes
 - Level 2.8 Throwing
 + Level 17.9 Armour
 + Level 5.4 Dodging


You had 17 spell levels left.
You didn't know any spells.
Your spell library was empty.

Dungeon Overview and Level Annotations

Branches:
Dungeon (15/15)            Temple (0/1) D:7            Lair (6/6) D:8
 Shoals (4/4) Lair:4        Snake (4/4) Lair:3        Slime (0/5) Lair:5
    Orc (2/2) D:12            Elf (0/3) Orc:2        Vaults (1/5) D:13
 Depths: D:15

Altars:
Elyvilon
Fedhas
Gozag
Hepliaklqana
Ru
Sif Muna
Uskayaw
Wu Jian
Xom

Shops:
D:6 (   D:12 =   D:15 ((=[   Orc:2 (:::}   Snake:1 }=}

Portals:
Trove: D:15 (give +2 storm dragon scales)

Annotations:
D:4 2 transporters
D:5 2 runed translucent doors, neoxian's ghost, weakling MiDe
D:8 Lair
D:12 Orc Mines
D:13 Vaults, 3 runed translucent doors, Iplucs's ghost, journeyman FeBe; Xuta's ghost, journeyman FoFi
D:15 exclusion: oklob plant
Lair:3 Snake Pit, exclusion: oklob plant, TigOlBitties's ghost, journeyman DEEE
Lair:4 Shoals
Lair:5 Slime Pits, 1 runed translucent door, Riymurr's ghost, journeyman MfMo


Innate Abilities, Weirdness & Mutations

You reflexively headbutt those who attack you in melee.
You have a pair of horns on your head.
You are weak. (Str -2)


Message History

The yaktaur hits you!
* * * LOW HITPOINT WARNING * * *
The purple ugly thing bites you!
* * * LOW HITPOINT WARNING * * *
You barely miss the purple ugly thing.
Your headbutt misses the purple ugly thing.
The purple ugly thing is lightly wounded.
You hit the purple ugly thing. You slice the two-headed ogre!!
You kill the two-headed ogre!
Trog accepts your kill.
You slash the yaktaur!
The purple ugly thing barely misses you.
You block the yaktaur's attack. The purple ugly thing bites you!!
* * * LOW HITPOINT WARNING * * *
A red film seems to cover your vision as you go berserk!
You feel yourself moving faster!
You feel mighty! The ogre closely misses you.
The purple ugly thing trunk-slaps you!!
* * * LOW HITPOINT WARNING * * *
The yaktaur closely misses you. The purple ugly thing bites you!!
You die...

#.. #.. #.. #..
#.. #..
#pu#############
#uO@u)...(.....#
#.c#((((.(.....#
.....#.)###(#'#..#
.......#(.(.#.#
#.∩#
.......#..#####
#..# .......#..'.#
+..#
.......#.)#####
#..#
.......#..#.#[#
+..# #..#'#'###..#


You could see 3 ugly things, an ironbrand convoker, a yaktaur (strong) and an
ogre.

Vanquished Creatures
  Mara (Shoals:3)
  Jorgrun (Snake:3)
  Rupert (Lair:3)
  A tengu reaver (D:11)
  Kirke (D:12)
  8 nagarajas
  A frost giant (Shoals:4)
  Aizul (Shoals:3)
  Louise (Snake:3)
  A vault warden (Vaults:1)
  A lorocyproca (Abyss:4)
  2 merfolk javelineers
  10 merfolk impalers
  Erolcha (D:10)
  13 naga warriors
  7 hydras
  2 boulder beetles (Lair:6)
  A merfolk avatar (Shoals:2)
  4 centaur warriors
  9 anacondas
  Erica (D:10)
  15 death yaks
  2 dancing weapons (D:13)
  8 merfolk aquamancers
  12 two-headed ogres
  2 ogre magi
  A satyr (Shoals:4)
  5 thrashing horrors (Abyss:5)
  17 naga sharpshooters
  3 shock serpents
  9 skeletal warriors
  2 salamander mystics
  A wretched star (Abyss:4)
  2 unseen horrors
  5 sea snakes
  A lindwurm (Lair:6)
  8 naga ritualists
  A glowing orange brain (Abyss:4)
  Pikel (D:4)
  3 orc knights
  11 harpies
  A necromancer (Vaults:1)
  An orb spider (Abyss:5)
  2 mana vipers
  2 orc sorcerers
  7 fauns
  2 wolf spiders (Lair:6)
  6 ugly things
  6 cyclopes
  2 deep elf magi (D:13)
  12 manticores
  4 merfolk sirens
  7 salamanders
  A worldbinder (Abyss:4)
  44 black mambas
  24 naga magi
  2 water nymphs
  A gargoyle (D:14)
  13 elephants
  2 vault sentinels (Vaults:1)
  3 guardian serpents
  A cane toad (shapeshifter) (D:15)
  21 cane toads
  2 centaur skeletons
  A komodo dragon (shapeshifter) (D:14)
  Maggie (D:9)
  10 yaktaurs
  A rime drake (Lair:2)
  A smoke demon (Abyss:5)
  17 komodo dragons
  2 efreet
  A kobold demonologist (D:15)
  A freezing wraith (D:15)
  2 ice devils (Lair:2)
  A tengu conjurer (D:13)
  6 wind drakes
  9 polar bears
  20 merfolk
  6 trolls
  2 ancient zymes
  2 hornets (Lair:6)
  3 meliai (D:13)
  12 raiju
  6 snapping turtles
  9 blink frogs
  A meliai zombie (D:11)
  7 dream sheep (Lair:6)
  4 slime creatures (Lair:5)
  2 large abominations
  An air elemental (Abyss:4)
  3 redbacks (Lair:6)
  46 yaks
  5 shadows
  17 flying skulls (D:13)
  8 water elementals
  A wraith (D:10)
  2 vampires
  A ynoxinul (Abyss:4)
  7 hogs (D:12)
  6 basilisks
  14 wyverns
  A neqoxec (Abyss:5)
  2 vampire mosquitoes (D:14)
  44 nagas
  A soldier ant (D:15)
  4 wargs
  3 acid dragons
  16 water moccasins
  13 hell hounds (Lair:6)
  A hornet zombie (D:9)
  32 orc warriors
  3 ice beasts
  2 eyes of draining
  11 ogres
  3 sky beasts (D:10)
  15 black bears
  A necrophage (D:6)
  27 centaurs
  29 wolves
  2 phantoms
  A big kobold (D:9)
  2 lemures (D:4)
  17 bullfrogs
  2 wyvern zombies
  Blork the orc (D:5)
  A gnoll sergeant (D:10)
  3 scorpions
  3 killer bees (D:11)
  6 howler monkeys
  20 wights
  An electric eel (D:15)
  7 lava snakes (Snake:3)
  3 bullfrog zombies
  A quasit (D:13)
  A gnoll shaman (D:9)
  6 hounds
  2 bullfrog skeletons
  13 orc priests
  4 jellies
  3 centaur zombies
  6 iguanas
  23 orc wizards
  5 hell rats (Lair:6)
  12 worker ants
  A small abomination (Abyss:4)
  A hound zombie (D:8)
  A hound skeleton (D:10)
  2 worker ant zombies
  10 gnolls
  18 adders
  4 white imps
  5 ufetubi
  An ooze (D:5)
  An adder zombie (D:6)
  An adder skeleton (D:4)
  7 worms
  A dart slug (D:1)
  3 leopard geckos
  79 orcs
  8 bats
  7 giant cockroaches
  4 goblins
  12 hobgoblins
  16 jackals
  2 quokkas
  5 ball pythons
  6 frilled lizards
  A giant cockroach zombie (D:6)
  12 kobolds
  2 leopard gecko skeletons
  A quokka skeleton (D:6)
  9 rats
1154 creatures vanquished.

Vanquished Creatures (collateral kills)
  Bai Suzhen (Shoals:3)
  A nagaraja (Snake:4)
  A naga sharpshooter (Snake:4)
  2 orc knights (Orc:2)
  3 manticores (Shoals:3)
  2 naga magi (Snake:4)
  2 merfolk (Shoals:3)
  A polar bear (Lair:6)
  A snapping turtle (Shoals:4)
  A warg (Lair:6)
  A black bear (Lair:6)
  2 centaurs (D:8)
  A wolf (Lair:5)
19 creatures vanquished.

Vanquished Creatures (others)
  2 bushes
  37 fungi
  145 plants
  2 withered plants (Lair:5)
186 creatures vanquished.

Grand Total: 1359 creatures vanquished

Notes
Turn   | Place    | Note
-------+----------+-------------------------------------------
     0 | D:1      | miket3c the Minotaur Berserker began the quest for the Orb.
     0 | D:1      | Reached XP level 1. HP: 19/19 MP: 0/0
   302 | D:1      | Reached XP level 2. HP: 27/27 MP: 1/1
   534 | D:1      | Reached skill level 4 in Axes
   588 | D:1      | Reached ** piety under Trog
   672 | D:1      | Reached XP level 3. HP: 33/33 MP: 2/2
  1054 | D:2      | Reached XP level 4. HP: 41/41 MP: 3/3
  1476 | D:3      | Reached skill level 5 in Axes
  2023 | D:4      | Found a shimmering blue altar of Sif Muna.
  2065 | D:4      | Reached XP level 5. HP: 46/47 MP: 4/4
  2092 | D:4      | Reached *** piety under Trog
  2363 | D:4      | Reached skill level 6 in Axes
  2365 | D:4      | Found a transporter.
  2513 | D:4      | Found a transporter.
  2553 | D:4      | Found a shimmering altar of Xom.
  2557 | D:4      | Found a hide-covered altar of Uskayaw.
  2603 | D:4      | Reached XP level 6. HP: 47/55 MP: 5/5
  2668 | D:4      | Noticed Pikel
  2680 | D:4      | Killed Pikel
  2680 | D:4      | Reached skill level 5 in Fighting
  2680 | D:4      | Reached skill level 8 in Axes
  2680 | D:4      | Reached XP level 7. HP: 61/61 MP: 6/6
  3114 | D:5      | Entered Level 5 of the Dungeon
  3142 | D:5      | Reached skill level 5 in Armour
  3334 | D:5      | Reached skill level 9 in Axes
  3426 | D:5      | Reached XP level 8. HP: 48/69 MP: 7/7
  3551 | D:5      | Found a sacrificial altar of Ru.
  3639 | D:5      | Found a blossoming altar of Fedhas.
  3643 | D:5      | Noticed Blork the orc
  3651 | D:5      | Killed Blork the orc
  3846 | D:5      | Found a large runed translucent door.
  3846 | D:5      | Found a large runed translucent door.
  3847 | D:5      | Noticed neoxian's ghost (weakling MiDe)
  4053 | D:6      | Reached **** piety under Trog
  4062 | D:6      | Reached skill level 10 in Axes
  4513 | D:6      | Reached skill level 11 in Axes
  4679 | D:6      | Found Odarghor's Weapon Shoppe.
  4897 | D:7      | Found a staircase to the Ecumenical Temple.
  4916 | D:7      | Got a twisted robe
  4923 | D:7      | Identified the +2 robe of Fun and Games {Str+6} (You found
                  | it on level 7 of the Dungeon)
  5068 | D:7      | Reached ***** piety under Trog
  5128 | D:7      | Reached XP level 9. HP: 71/75 MP: 6/8
  5231 | D:7      | Found a sacrificial altar of Ru.
  6041 | D:8      | Found a staircase to the Lair.
  6252 | D:8      | Found a white marble altar of Elyvilon.
  6256 | D:8      | Found an opulent altar of Gozag.
  6333 | D:8      | Found a hide-covered altar of Uskayaw.
  6794 | D:8      | Reached skill level 12 in Axes
  7439 | D:9      | Got a crude leather armour
  7440 | D:9      | Identified the cursed +0 leather armour of Uwke {*Corrode
                  | rC+ Int+2 Stlth+} (You found it on level 9 of the Dungeon)
  7672 | D:9      | Reached skill level 13 in Axes
  7695 | D:9      | Noticed Maggie
  7718 | D:9      | Killed Maggie
  7718 | D:9      | Reached XP level 10. HP: 51/84 MP: 4/9
  7945 | D:9      | Found a sacrificial altar of Ru.
  8241 | D:10     | Entered Level 10 of the Dungeon
  8327 | D:10     | Reached skill level 14 in Axes
  8372 | D:10     | Noticed Erica
  8385 | D:10     | Killed Erica
  8570 | D:10     | Reached skill level 15 in Axes
  8942 | D:10     | Noticed Erolcha
  8959 | D:10     | Killed Erolcha
  9664 | D:11     | Noticed an eight-headed hydra
  9672 | D:11     | Killed a four-headed hydra
  9672 | D:11     | Reached skill level 16 in Axes
  9672 | D:11     | Reached XP level 11. HP: 51/94 MP: 5/10
  9871 | D:11     | Noticed a tengu reaver
  9893 | D:11     | HP: 4/94 [tengu reaver/fireball (36)]
 10614 | D:11     | Killed a tengu reaver
 11337 | D:10     | Killed an unseen horror
 11337 | D:10     | Reached skill level 17 in Axes
 11535 | Lair:1   | Entered Level 1 of the Lair of Beasts
 11593 | Lair:1   | Noticed a four-headed hydra
 11604 | Lair:1   | Killed a one-headed hydra
 11604 | Lair:1   | Reached skill level 10 in Armour
 12140 | Lair:1   | Reached XP level 12. HP: 81/104 MP: 8/11
 12832 | Lair:2   | Noticed a four-headed hydra
 12841 | Lair:2   | Killed a one-headed hydra
 12916 | Lair:2   | Reached skill level 18 in Axes
 14214 | Lair:2   | Reached skill level 10 in Fighting
 15179 | Lair:3   | Received a gift from Trog
 15183 | Lair:3   | Found a runed translucent door.
 15224 | Lair:3   | Noticed a death yak
 15224 | Lair:3   | Noticed a death yak
 15224 | Lair:3   | Noticed a death yak
 15224 | Lair:3   | Noticed a death yak
 15244 | Lair:3   | Killed a death yak
 15247 | Lair:3   | Killed a death yak
 15254 | Lair:3   | Killed a death yak
 15254 | Lair:3   | Reached skill level 19 in Axes
 15254 | Lair:3   | Reached skill level 1 in Throwing
 15262 | Lair:3   | Killed a death yak
 15269 | Lair:3   | Noticed Rupert
 15407 | Lair:3   | Killed Rupert
 15407 | Lair:3   | Reached XP level 13. HP: 115/115 MP: 12/12
 15730 | Lair:3   | Found a staircase to the Snake Pit.
 16152 | Lair:3   | Identified the +9 spear "Jellyslayer" {vorpal, *Corrode
                  | +Fly rC- rN+++}
 16160 | Lair:3   | Noticed TigOlBitties's ghost (journeyman DEEE)
 16600 | Lair:4   | Reached skill level 20 in Axes
 16794 | Lair:4   | Found a staircase to the Shoals.
 16820 | Lair:4   | Got an ichor-stained chain mail
 16831 | Lair:4   | Identified the +3 chain mail "Iraula" {rF+} (You found it
                  | on level 4 of the Lair of Beasts)
 16918 | Lair:4   | Found a dark tunnel.
 17360 | Lair:5   | Found a staircase to the Slime Pits.
 17916 | Lair:5   | Received a gift from Trog
 17917 | Lair:5   | Reached XP level 14. HP: 114/127 MP: 13/13
 18241 | Lair:5   | Found a runed translucent door.
 18241 | Lair:5   | Noticed Riymurr's ghost (journeyman MfMo)
 18697 | Lair:6   | Entered Level 6 of the Lair of Beasts
 19262 | Lair:6   | Reached skill level 21 in Axes
 19550 | Lair:6   | Identified Sif Muna's Handbook of Hurtful Creation
 20226 | Lair:6   | Received a gift from Trog
 21102 | Lair:6   | Reached XP level 15. HP: 120/138 MP: 14/14
 21648 | D:12     | Reached skill level 22 in Axes
 21820 | D:12     | Found an ornate altar of the Wu Jian Council.
 21829 | D:12     | Found Donar's Jewellery Boutique.
 22151 | D:12     | Found a staircase to the Orcish Mines.
 22213 | D:12     | Received a gift from Trog
 22214 | D:12     | Noticed Kirke
 22225 | D:12     | Killed Kirke
 22423 | Orc:1    | Entered Level 1 of the Orcish Mines
 22443 | Orc:1    | Reached ****** piety under Trog
 22876 | Orc:2    | Entered Level 2 of the Orcish Mines
 22876 | Orc:2    | Found a staircase to the Elven Halls.
 23535 | Orc:2    | Received a gift from Trog
 23536 | Orc:2    | Got an encrusted war axe {god gift}
 23564 | Orc:2    | Identified the +7 war axe "Sutsohut" {vorpal, Str+5} (Trog
                  | gifted it to you on level 2 of the Orcish Mines)
 23688 | Orc:2    | Found Haedag's Book Shop.
 23688 | Orc:2    | Found Plog's Book Shoppe.
 23949 | Orc:2    | Found Qenacol's Gadget Boutique.
 24140 | Orc:2    | Found Heyleap's Weapon Boutique.
 24144 | Orc:2    | Found Muoqaw's Book Emporium.
 24457 | D:13     | Found the +3 giant club "Skullcrusher" {speed, Str+7}
 25039 | D:13     | Found a gate to the Vaults.
 25182 | D:13     | Found a runed translucent gate.
 25183 | D:13     | Found a runed translucent gate.
 25184 | D:13     | Found a runed translucent gate.
 25185 | D:13     | Noticed Iplucs's ghost (journeyman FeBe)
 25186 | D:13     | Noticed Xuta's ghost (journeyman FoFi)
 25779 | D:14     | Reached skill level 15 in Fighting
 25779 | D:14     | Reached skill level 15 in Armour
 25882 | D:14     | Reached skill level 23 in Axes
 26446 | D:14     | Received a gift from Trog
 27156 | D:15     | Entered Level 15 of the Dungeon
 27213 | D:15     | Found Tumong's Antique Weapon Shoppe.
 27213 | D:15     | Found Joyschyku's Antique Weapon Shoppe.
 27214 | D:15     | Found Unliwauq's Jewellery Shoppe.
 27219 | D:15     | Found Heagro's Armour Shoppe.
 27237 | D:15     | Bought a +4 ring of slaying for 1170 gold pieces
 27237 | D:15     | Bought an uncursed ring of poison resistance for 300 gold
                  | pieces
 27282 | D:15     | Reached XP level 16. HP: 149/149 MP: 15/15
 27698 | D:15     | Found a hazy altar of Hepliaklqana.
 27977 | D:15     | Found a portal to a secret trove of treasure.
 28621 | Snake:1  | Entered Level 1 of the Snake Pit
 28624 | Lair:3   | Upgraded the game from 0.26-a0-660-gc07710193c to
                  | 0.26-a0-662-g8b9c6dab81
 28821 | Snake:1  | Received a gift from Trog
 28836 | Snake:1  | Got a warped executioner's axe {god gift}
 28841 | Snake:1  | Identified the +7 executioner's axe of Capital Punishment
                  | {vorpal, +Rage rElec Dex-2} (Trog gifted it to you on level
                  | 1 of the Snake Pit)
 29546 | Snake:1  | Found Udommaf's Gadget Emporium.
 29546 | Snake:1  | Found Ofruery's Jewellery Boutique.
 29547 | Snake:1  | Found Keinom's Gadget Emporium.
 29558 | Snake:1  | Bought an uncursed amulet of reflection for 360 gold pieces
 29558 | Snake:1  | Bought an uncursed ring of resist corrosion for 240 gold
                  | pieces
 29703 | Snake:2  | Reached skill level 24 in Axes
 32715 | Snake:3  | Noticed Louise
 32760 | Snake:3  | Noticed Jorgrun
 32827 | Snake:3  | Killed Jorgrun
 32827 | Snake:3  | Received a gift from Trog
 33171 | Snake:3  | Killed Louise
 33984 | Snake:4  | Entered Level 4 of the Snake Pit
 34055 | Snake:4  | Reached skill level 25 in Axes
 34300 | Snake:4  | Reached XP level 17. HP: 147/159 MP: 16/16
 35830 | Snake:4  | Reached skill level 5 in Dodging
 36752 | Snake:4  | Received a gift from Trog
 36752 | Snake:4  | Reached skill level 26 in Axes
 36982 | Snake:4  | Got a translucent executioner's axe {god gift}
 36983 | Snake:4  | Identified the +4 executioner's axe "Xeod Acy" {vorpal,
                  | MR+++ Str+3 Int-2} (Trog gifted it to you on level 4 of the
                  | Snake Pit)
 37135 | Snake:4  | Got a serpentine rune of Zot
 37317 | Shoals:1 | Entered Level 1 of the Shoals
 39241 | Shoals:2 | Reached XP level 18. HP: 170/170 MP: 17/17
 40084 | Shoals:2 | Received a gift from Trog
 40360 | Shoals:3 | Noticed Aizul
 40375 | Shoals:3 | Killed Aizul
 40996 | Shoals:3 | Noticed Bai Suzhen
 41003 | Shoals:3 | Killed Bai Suzhen
 41020 | Shoals:3 | Noticed Mara
 41028 | Shoals:3 | Noticed miket3c's illusion
 41115 | Shoals:3 | Killed Mara
 41429 | Shoals:4 | Entered Level 4 of the Shoals
 41478 | Shoals:4 | Cast into level 4 of the Abyss (merfolk aquamancer)
 41639 | Abyss:5  | Entered Level 5 of the Abyss
 41678 | Abyss:5  | Reached skill level 27 in Axes
 41717 | Abyss:5  | Gained mutation: You are weak. (Str -2) [a neqoxec]
 41759 | Shoals:4 | Escaped the Abyss
 42552 | Shoals:4 | Got a barnacled rune of Zot
 43060 | Vaults:1 | Entered Level 1 of the Vaults
 43169 | Vaults:1 | Mangled by a purple ugly thing

Illustrated notes

Levels and vault maps discovered:
D:1:      onia_arrival_handbag, layout_loops_ring, minmay_misc_feat_enclosed,
          nrook_campfire
D:2:      layout_rooms
D:3:      layout_basic
D:4:      minmay_inner_zag, layout_loops_corners, kennysheep_mini,
          gammafunk_temple_overflow_arena, uniq_pikel
D:5:      cheibrodos_quashed, layout_cave_pools, fedhas_ov_isle_minmay,
          ebering_ghost_disaster_area, nicolae_ru_path_of_blood,
          uniq_blork_the_orc
D:6:      layout_loops_ring, serial_shops, shop
D:7:      layout_basic, kennysheep_little_box, minmay_temple_entry_mist
D:8:      layout_basic, minitemple, lair_entry_dummy, lemuel_centaur_altar
D:9:      layout_basic, lemuel_tele_altar, uniq_maggie
D:10:     layout_rooms, uniq_erica, uniq_erolcha
D:11:     layout_long_grid, minmay_evil_grid
D:12:     layout_roguey, hiddenorc1_lemuel, serial_shops, shop_fountains,
          basic_altar, uniq_kirke
D:13:     layout_roguey, erik_vaults_1, gammafunk_ghost_cemetery,
          minmay_guarded_unrand_skullcrusher
D:14:     minmay_open_boxes_in_corner, layout_loops_ring,
          infiniplex_staircase_pool_1
D:15:     grunt_enter_depths_snipers, layout_irregular_city, enter_trove_6,
          kennysheep_doodads, minmay_shop_grid_forest, chequers_jeans,
          lemuel_oklob_altar
Lair:1:   layout_regular_city
Lair:2:   layout_layer_cave, portal_ice_cave_demonic_guard
Lair:3:   layout_misc_corridors, minmay_snake_entry_guardpost_large,
          ebering_ghost_funeral_grove, beast_lair_carwin_4,
          minmay_lair_oklob_chamber, lemuel_fruit_tree, lemuel_fruit_fields,
          serial_bayou_shore_b, uniq_rupert
Lair:4:   layout_big_grid, minmay_shoals_entry_centaurs,
          nicolae_volcano_entry_two_sided, gauntlet_entry_generic,
          infiniplex_staircase_pool
Lair:5:   layout_regular_city, minmay_slime_entry_pillars,
          gammafunk_ghost_grave, grunt_megastairs_3, serial_bayou_shore_b
Lair:6:   hangedman_lair_caniforms_friends, layout_loops_ring,
          hangedman_lair_tendril_chambers
Shoals:1: layout_shoals
Shoals:2: layout_shoals, nicolae_shoals_aquamancer_cove
Shoals:3: cheibrodos_shoals_roost, layout_shoals, uniq_aizul, uniq_bai_suzhen,
          uniq_mara
Shoals:4: shoals_end_grunt_ice, layout_shoals
Snake:1:  layout_rooms, minmay_shop_grove
Snake:2:  layout_layer_cave
Snake:3:  layout_layer_cave, nicolae_snake_lava_pool, serial_bayou_shore_b,
          uniq_jorgrun, uniq_louise
Snake:4:  snake_pit, layout_grid_shapes
Orc:1:    layout_caves
Orc:2:    st_orc_rangers, layout_diamond_mine, serial_shops, shop
Vaults:1: vaults_room_fours, nicolae_vaults_quartermaster, v_misc_31, v_rooms_4,
          v_misc_10, ontoclasm_vaults_shuriken, ontoclasm_vaults_pinch,
          layout_vaults_omnigrid

Skill      XL: |  1  2  3  4  5  6  7  8  9 10 11 12 13 14 15 16 17 18 |
---------------+-------------------------------------------------------+-----
Fighting       | 4 5 6 8 9 10 12 14 15 16 17 18 | 18.7
Axes           | 4 5 6 8 9 11 13 16 17 19 20 21 23 25 26 27 | 27.0
Armour         | 3 4 5 6 8 10 12 13 14 15 16 17 | 17.9
Dodging        | 3 4 5 |  5.4
Throwing       | 1 2 |  2.8

Action                   |  1- 3 |  4- 6 |  7- 9 | 10-12 | 13-15 | 16-18 || total
-------------------------+-------+-------+-------+-------+-------+-------++-------
Melee: Hand axe          |    66 |   105 |   134 |       |       |       ||   305
       Headbutt          |     8 |    23 |    48 |   114 |   208 |   179 ||   580
       War axe           |       |       |    11 |    14 |    13 |       ||    38
       Broad axe         |       |       |   135 |   455 |   249 |       ||   839
       Battleaxe         |       |       |       |       |   819 |    93 ||   912
       Executioner's axe |       |       |       |       |       |   856 ||   856
Throw: Stone             |       |       |       |     4 |       |       ||     4
       Dart              |       |       |       |     5 |    11 |    13 ||    29
       Boomerang         |       |       |       |       |       |    19 ||    19
Invok: Berserk           |     1 |     1 |     2 |     8 |     4 |     4 ||    20
       Trog's Hand       |       |       |     3 |    11 |    13 |    25 ||    52
       Brothers in Arms  |       |       |     1 |     1 |     4 |     7 ||    13
  Use: Scroll            |       |       |    12 |    12 |    15 |    12 ||    51
       Potion            |       |       |       |     1 |     1 |    14 ||    16
 Stab: Sleeping          |     1 |       |       |       |       |       ||     1
       Distracted        |       |       |       |       |     1 |     1 ||     2
Armor: Animal skin       |     1 |       |       |       |       |       ||     1
       Leather armour    |    13 |       |       |       |       |       ||    13
       Ring mail         |     8 |    13 |       |       |       |       ||    21
       Chain mail        |       |    15 |    79 |       |       |       ||    94
       Plate armour      |       |       |    29 |   274 |   353 |   593 ||  1249
Dodge: Dodged            |    43 |    50 |   175 |   235 |   767 |   438 ||  1708
Block: Other             |       |       |       |       |       |   182 ||   182
       Reflection        |       |       |       |       |       |    26 ||    26

Table legend: (Time is in decaauts)
 A = Elapsed time spent in this place.
 B = Non-inter-level travel time spent in this place.
 C = Inter-level travel time spent in this place.
 D = Time resting spent in this place.
 E = Time spent auto-exploring this place.
 F = Levels seen in this place.
 G = Mean time per level.
                   A        B        C        D        E       F      G
               +--------+--------+--------+--------+--------+-----+--------+
         Total |  42895 |  40898 |   1997 |  15249 |  16435 |  34 | 1261.6 |
       Dungeon |  16800 |  15581 |   1219 |   4241 |   8128 |  15 | 1120.0 |
          Lair |  10053 |   9647 |    406 |   4007 |   3845 |   6 | 1675.5 |
        Shoals |   5198 |   5045 |    153 |   2001 |   2138 |   4 | 1299.5 |
     Snake Pit |   8569 |   8407 |    162 |   4615 |   2027 |   4 | 2142.2 |
  Orcish Mines |   1923 |   1867 |     56 |    348 |    295 |   2 |  961.5 |
        Vaults |     96 |     96 |      0 |      5 |      0 |   1 |   96.0 |
         Abyss |    254 |    254 |      0 |     31 |      0 |   2 |  127.0 |
               +--------+--------+--------+--------+--------+-----+--------+

Top non-repeatable levels by time:
 Snake:3: 3501 daAuts
  Lair:2: 2275 daAuts
 Snake:2: 2205 daAuts
  Lair:6: 2166 daAuts
    D:11: 2053 daAuts
     D:8: 1898 daAuts
Shoals:3: 1860 daAuts
  Lair:5: 1844 daAuts
 Snake:4: 1835 daAuts
    D:14: 1743 daAuts
Shoals:1: 1738 daAuts
  Lair:1: 1443 daAuts
Shoals:2: 1416 daAuts
    D:10: 1310 daAuts
  Lair:3: 1270 daAuts
